 Dungeon Crawl Stone Soup version 0.30-a0-142-g7370640ec8 (webtiles) character file.

Game seed: 10868821555008139149

486124 dazg the Ninja (level 23, -31/143 HPs)
             Began as a Spriggan Enchanter on Sept 25, 2022.
             Was the Champion of Dithmenos.
             Killed from afar by Coxius Funa the pandemonium lord (80 damage)
             ... with a bolt of cold
             ... on level 5 of a ziggurat on Sept 26, 2022.
             The game lasted 04:08:46 (68925 turns).

dazg the Ninja (Spriggan Enchanter)                Turns: 68925, Time: 04:08:46

Health: -31/143    AC: 18    Str: 22    XL:     23   Next: 50%
Magic:  23/53      EV: 31    Int: 21    God:    Dithmenos [******]
Gold:   7886       SH: 12    Dex: 23    Spells: 7/72 levels left

rFire   . . .      SeeInvis +    b - +7 quick blade of Certain Death {vorpal, Drain rElec rCorr Int+6}
rCold   . . .      Faith    .    y - +3 warlock's mirror {reflect}
rNeg    . . .      Spirit   .    p - +5 steam dragon scales
rPois   .          Reflect  +    R - +1 hat of Foolhardiness {Str+6 Slay+3}
rElec   +          Harm     .    I - +2 cloak {Stlth+}
rCorr   +          Rampage  .    (gloves unavailable)
Will    ++++.                    (boots unavailable) Stlth #*********
                                 Z - amulet of regeneration
HPRegen 1.13/turn                S - +4 ring of slaying
MPRegen 0.33/turn                V - ring of Qazlal, Wizarding {AC+4 Str+5}

@: wreathed by umbra, invisible, very quick
A: very small, no large weapons, unfitting armour, see invisible, speed 3, agile
1, robust 1
}: 3/15 runes: serpentine, barnacled, silver
a: Renounce Religion, Shadow Step, Shadow Form


You were on level 5 of a ziggurat.
You worshipped Dithmenos.
Dithmenos was exalted by your worship.
You visited 9 branches of the dungeon, and saw 43 of its levels.
You visited 1 ziggurat, and saw 5 of its levels.
You also visited: Bailey and Gauntlet.

You collected 8994 gold pieces.
You spent 1108 gold pieces at shops.

Inventory:

Hand Weapons
 b - the +7 quick blade of Certain Death (weapon) {vorpal, Drain rElec rCorr Int+6}
   (You acquired it on level 5 of the Vaults)

   It inflicts extra damage upon your enemies.
   Int:       It affects your intelligence (+6).
   rElec:     It insulates you from electricity.
   rCorr:     It protects you from acid and corrosion.
   Drain:     It drains your maximum health when unequipped.
Armour
 o - a scarf of resistance
 p - +5 steam dragon scales (worn)
 y - the +3 warlock's mirror (worn) {reflect}
   (You acquired it in a bailey)

   It can block and reflect piercing ranged attacks and magical attacks against
   the wielder's willpower.
 I - a +2 cloak of stealth (worn)
 R - the +1 hat of Foolhardiness (worn) {Str+6 Slay+3}
   (You found it in a Gauntlet)

   Str:       It affects your strength (+6).
   Slay:      It affects your accuracy & damage with ranged weapons and melee
   (+3).
Jewellery
 f - the ring "Nydug" {rF+ rC+ rN+ Int+6 Dex-5}
   (You found it on level 4 of the Shoals)

   [ring of protection from fire]

   Int:       It affects your intelligence (+6).
   Dex:       It affects your dexterity (-5).
   rF:        It protects you from fire.
   rC:        It protects you from cold.
   rN:        It protects you from negative energy.
 h - the amulet of the Gloaming {RegenMP rC+}
   (You took it off a deep elf pyromancer on level 3 of the Elven Halls)

   [amulet of magic regeneration]

   It increases your rate of magic regeneration.
   rC:        It protects you from cold.
 S - a +4 ring of slaying (left hand)
 T - a ring of flight
 V - the ring of Qazlal, Wizarding (right hand) {AC+4 Str+5}
   (You bought it in a shop on level 4 of the Depths)

   [ring of protection]

   AC:        It affects your AC (+4).
   Str:       It affects your strength (+5).
 Z - an amulet of regeneration (around neck)
Wands
 c - a wand of digging (18)
 n - a wand of flame (79)
 u - a wand of mindburst (15)
 B - a wand of iceblast (26)
 J - a wand of polymorph (19)
 K - a wand of paralysis (11)
 P - a wand of acid (7)
Scrolls
 a - 4 scrolls of enchant weapon
 i - 2 scrolls of immolation
 t - 4 scrolls of teleportation
 w - 6 scrolls of fog
 z - 10 scrolls of magic mapping
 A - 2 scrolls of brand weapon
 D - 10 scrolls of amnesia
 F - 11 scrolls of fear
 N - 6 scrolls of blinking
 O - 43 scrolls of identify
 Q - a scroll of summoning
 U - 6 scrolls of vulnerability
Potions
 d - 15 potions of brilliance
 g - 17 potions of curing
 k - 2 potions of haste
 l - 2 potions of magic
 m - 9 potions of mutation
 q - 6 potions of cancellation
 r - 3 potions of resistance
 v - 7 potions of flight
 C - 10 potions of lignification
 E - 2 potions of berserk rage
 H - 8 potions of heal wounds
 L - a potion of invisibility
 W - 5 potions of might
Miscellaneous
 e - a phial of floods
 j - a phantom mirror
 x - a condenser vane
 G - a box of beasts
 M - a lightning rod (4/4)


   Skills:
 + Level 17.0 Fighting
 - Level 12.0 Short Blades
 - Level 15.0 Dodging
 O Level 27 Stealth
 - Level 7.0 Shields
 + Level 25.3 Spellcasting
 - Level 23.0 Hexes
 - Level 5.0 Necromancy
 - Level 3.0 Translocations
 - Level 6.0 Earth Magic


You had 7 spell levels left.
You knew the following spells:

 Your Spells              Type           Power      Damage    Failure   Level
a - Ensorcelled Hibernat  Hex/Ice        100%       N/A       1%          2
b - Tukima's Dance        Hex            89%        N/A       0%          3
c - Dazzling Flash        Conj/Hex       100%       N/A       1%          3
d - Confusing Touch       Hex            89%        N/A       0%          3
e - Apportation           Tloc           78%        N/A       1%          1
f - Cause Fear            Hex            44%        N/A       0%          4
g - Discord               Hex            44%        N/A       1%          8
h - Summon Mana Viper     Hex/Summ       66%        N/A       1%          5
i - Stone Arrow           Conj/Erth      78%        3d11      1%          3
j - Dispel Undead         Necr           47%        3d18      3%          4
k - Passage of Golubria   Tloc           39%        N/A       7%          4
l - Lee's Rapid Deconstr  Erth           25%        3d15*     5%          5
m - Enfeeble              Hex            44%        N/A       1%          7
n - Teleport Other        Tloc           39%        N/A       1%          3
o - Borgnjor's Vile Clut  Necr/Erth      24%        N/A       7%          5
p - Silence               Hex/Air        33%        N/A       1%          5

Your spell library contained the following spells:

 Spells                   Type           Power      Damage    Failure   Level
 Slow                     Hex            100%       N/A       0%          1
 Necrotise                Necr           100%       1d9       1%          1
 Sandblast                Erth           100%       2d20      1%          1
 Cigotuvi's Dreadful Rot  Necr/Pois/Air  66%        N/A       1%          2
 Passwall                 Tmut/Erth      32%        N/A       1%          2
 Gell's Gravitas          Tloc           39%        N/A       1%          3
 Inner Flame              Hex/Fire       66%        N/A       1%          3
 Lesser Beckoning         Tloc           39%        N/A       1%          3
 Portal Projectile        Hex/Tloc       100%       N/A       1%          3
 Vampiric Draining        Necr           47%        2d9       1%          3
 Fulminant Prism          Conj/Hex       33%        3d16      1%          4
 Leda's Liquefaction      Hex/Erth       36%        N/A       1%          4
 Metabolic Englaciation   Hex/Ice        33%        N/A       1%          5
 Yara's Violent Unravell  Hex/Tmut       33%        3d14      1%          5
 Beastly Appendage        Tmut           52%        N/A       2%          1
 Freeze                   Ice            100%       1d11      2%          1
 Magic Dart               Conj           100%       1d8       2%          1
 Sting                    Tmut/Pois      100%       1d8       2%          1
 Summon Small Mammal      Summ           100%       N/A       2%          1
 Call Imp                 Summ           26%        N/A       3%          2
 Poisonous Vapours        Pois/Air       52%        N/A       3%          2
 Scorch                   Fire           52%        2d8       3%          2
 Searing Ray              Conj           52%        2d6       3%          2
 Static Discharge         Conj/Air       52%        2-5/arc   3%          2
 Wereblood                Tmut           26%        N/A       3%          2
 Animate Dead             Necr           47%        N/A       3%          4
 Kindle Blastsparks       Fire/Tloc/Air  60%        2d15      4%          3
 Call Canine Familiar     Summ           26%        N/A       7%          3
 Frozen Ramparts          Ice            52%        1d8       7%          3
 Ignite Poison            Fire/Tmut/Pois 26%        N/A       7%          3
 Mephitic Cloud           Conj/Pois/Air  26%        N/A       7%          3
 Spider Form              Tmut/Pois      26%        N/A       7%          3
 Swiftness                Air            26%        N/A       7%          3
 Animate Armour           Summ/Erth      78%        N/A       7%          4
 Petrify                  Tmut/Erth      39%        N/A       7%          4
 Agony                    Necr           47%        N/A       9%          5
 Iskenderun's Mystic Bla  Conj/Tloc      32%        2d8       13%         4
 Flame Wave               Conj/Fire      26%        2d8       24%         4
 Hailstorm                Conj/Ice       26%        3d7       24%         4
 Ice Form                 Ice/Tmut       26%        N/A       24%         4
 Olgreb's Toxic Radiance  Pois           26%        N/A       24%         4
 Sticky Flame             Conj/Fire      26%        2d5       24%         4
 Summon Ice Beast         Ice/Summ       26%        N/A       24%         4
 Death Channel            Necr           23%        N/A       43%         6
 Alistair's Intoxication  Tmut/Pois      17%        N/A       54%         5
 Fireball                 Conj/Fire      13%        3d7       54%         5
 Freezing Cloud           Conj/Ice/Air   13%        6-21      54%         5
 Iskenderun's Battlesphe  Conj           26%        2d8       54%         5
 Lightning Bolt           Conj/Air       13%        1d26      54%         5
 Iron Shot                Conj/Erth      19%        9d4       71%         6
 Statue Form              Tmut/Erth      26%        N/A       71%         6
 Simulacrum               Ice/Necr       18%        N/A       78%         6
 Conjure Ball Lightning   Conj/Air       13%        3x3d6     98%         6
 Eringya's Noxious Bog    Tmut/Pois      13%        N/A       98%         6
 Starburst                Conj/Fire      13%        6d5       98%         6
 Summon Cactus Giant      Summ           13%        N/A       98%         6
 Monstrous Menagerie      Summ           13%        N/A       100%        7
 Orb of Destruction       Conj           13%        9d7       100%        7
 Storm Form               Tmut/Air       13%        N/A       100%        7
 Summon Hydra             Summ           13%        N/A       100%        7
 Borgnjor's Revivificati  Necr           23%        N/A       100%        8
 Ignition                 Fire           13%        3d6       100%        8
 Infestation              Necr           23%        N/A       100%        8
 Necromutation            Tmut/Necr      18%        N/A       100%        8
 Death's Door             Necr           23%        N/A       100%        9
 Polar Vortex             Ice            13%        N/A       100%        9


Dungeon Overview and Level Annotations

Branches:
Dungeon (15/15)            Temple (1/1) D:4            Lair (5/5) D:8
 Shoals (4/4) Lair:3        Snake (4/4) Lair:3        Slime (0/5) Lair:5
    Orc (2/2) D:12            Elf (3/3) Orc:2        Vaults (5/5) D:13
  Crypt (0/3) Vaults:3     Depths (4/4) D:15            Zot (0/5) Depths:4
 Bailey (visited)         Gauntlet (visited)

Altars:
Ashenzari
Cheibriados
Dithmenos
Elyvilon
Fedhas
Gozag
Hepliaklqana
Kikubaaqudgha
Makhleb
Nemelex Xobeh
Okawaru
Qazlal
Ru
Sif Muna
Trog
Uskayaw
Vehumet
Wu Jian
Xom
Yredelemnul
Zin
The Shining One
Jiyva

Shops:
D:7 (   Orc:2 [[:[   Elf:1 :   Elf:2 *   Snake:3 [   Snake:4 =:   Vaults:4 [
Depths:3 [   Depths:4 ==:

Portals:
Hell: Lair:5 Depths:1 Depths:2 Depths:3 Depths:4
Abyss: Depths:3
Pandemonium: Depths:2
Trove: D:13 (show slimy rune of Zot)

Annotations:
D:3 2 transporters, ilii's ghost, amateur DjIE
Lair:3 exclusion: oklob plant
Snake:1 2 transporters, codl's ghost, journeyman DrTm
Elf:2 3 runed translucent doors
Vaults:2 1 runed translucent door, tensugalgo's ghost, veteran DjFE


Innate Abilities, Weirdness & Mutations

You are very small and have problems with some larger weapons.
You are too small for most types of armour.
You have supernaturally acute eyesight. (SInv)
You cover ground extremely quickly. (Speed+++)
You are agile. (Dex +4, Str/Int -1)
You are robust. (+10% HP)


Message History

Casting: Discord (dangerous; 1% risk of failure)
Confirm with . or Enter, or press ? or * to list all spells.
Casting: Discord (dangerous; 1% risk of failure)
Press: ? - help, Dir - look around, f - activate Coxius Funa resists with almost no effort.
The balrug resists with almost no effort.
The lorocyproca resists with almost no effort.
The Executioner resists with almost no effort.
The Ice Fiend is unaffected.
You block the Executioner's attack. The Executioner completely misses you.
The Executioner closely misses you. The balrug gestures at you.
Something smites you!
The demonspawn corrupter hits the ynoxinul with a +2 demon whip of draining!
The demonspawn corrupter closely misses the ynoxinul.
The ynoxinul hits the demonspawn corrupter!
The Executioner hits you! The Executioner completely misses you.
You block the Executioner's attack.
The Ice Fiend calls on the powers of darkness!
Your body is wracked with pain!
You emit a cloud of dark smoke.
The ynoxinul hits the demonspawn corrupter.
The demonspawn corrupter barely misses the ynoxinul.
The demonspawn corrupter kicks the ynoxinul!
Unknown command.
Unknown command.
Unknown command.
The Executioner hits you! The Executioner misses you.
The Executioner closely misses you.
Unknown command.
Unknown command.
Blink to where?
Press: ? - help, Dir - move target
As you read the scroll of blinking, it crumbles to dust.
The ynoxinul barely misses the demonspawn corrupter.
The demonspawn corrupter hits the ynoxinul with a +2 demon whip of draining!!
The ynoxinul dies!
Dithmenos accepts your kill. Coxius Funa gestures at you.
The bolt of cold hits you!!!!
Ouch! That really hurt!
You die...

▓▓▓▓▓▓▓▓▓▓▓
▓▓▓.........▓▓▓
▓...........@.▓
▓.............▓
▓...........=}▓
▓....§§21...?∩▓
▓∩...§§12...)>▓
▓....§§§&...}6▓
▓............:▓
▓.............▓
▓.............▓


You could see Coxius Funa, an Ice Fiend (summoned), a lorocyproca (invisible), a
balrug (summoned), an Executioner (summoned, fast) and a neutral demonspawn
corrupter (fast, strong, insane, unaware, unable to see you, weak).

Vanquished Creatures
  2 ancient liches
  A Killer Klown (Zig:3)
  2 golden dragons
  Zenata (Elf:1)
  4 liches
  4 titans
  Asterion (Snake:1)
  2 deep elf blademasters (Elf:3)
  A quicksilver dragon (Vaults:5)
  An ancient champion (Vaults:3)
  2 krakens
  4 shadow dragons
  5 sphinxes
  3 storm dragons
  3 nagarajas
  A draconian monk (Depths:4)
  5 tengu reavers
  6 frost giants
  Ilsuiw (Shoals:3)
  An iron dragon (Depths:4)
  2 fire giants (Depths:1)
  7 vault wardens
  Aizul (Snake:1)
  4 deep elf sorcerers
  2 orc warlords
  Louise (Shoals:4)
  2 angels (Depths:3)
  2 deep elf elementalists (Elf:3)
  4 ironbound preservers
  12 stone giants
  5 ironbound thunderhulks
  11 very ugly things
  2 black draconians (Depths:4)
  5 war gargoyles
  3 vampire knights
  A green draconian (Depths:4)
  2 deep elf demonologists
  A minotaur (Gauntlet)
  Nessos (D:13)
  4 deep elf annihilators (Elf:3)
  4 dire elephants
  Azrael (D:13)
  5 deep elf death magi
  Snorg (D:11)
  A purple draconian (Depths:4)
  5 spark wasps
  3 crystal guardians
  9 ettins
  Josephine (Orc:1)
  5 merfolk impalers
  5 fire dragons
  A green death (Depths:3)
  5 yaktaur captains
  5 jiangshi
  2 deep elf high priests
  3 peacekeepers
  2 great orbs of eyes
  7 ice dragons
  3 rakshasas
  A hell beast (Lair:5)
  7 hydras
  2 vault guards
  4 ogre magi
  4 catoblepae
  4 ironbound frosthearts
  A juggernaut simulacrum (Depths:3)
  3 spriggan air magi
  8 centaur warriors
  Erica (Orc:1)
  18 two-headed ogres
  3 alligator snapping turtles (Shoals:3)
  11 anacondas
  4 boulder beetles
  A deep troll shaman (Depths:1)
  3 satyrs (Shoals:4)
  A death knight (D:15)
  4 naga warriors
  4 deep troll earth magi
  5 naga sharpshooters
  6 tengu warriors
  3 vampire magi
  An orc high priest (Bailey)
  A titan zombie (Depths:3)
  A spriggan berserker (Depths:2)
  A sun demon (Depths:3)
  2 hell knights
  2 shock serpents (Snake:3)
  6 deep elf knights
  A salamander mystic (Snake:4)
  4 skeletal warriors
  3 iron trolls
  3 cherubim (Depths:3)
  A golden dragon zombie (Depths:3)
  27 deep trolls
  8 deep elf archers
  A flayed ghost (Vaults:5)
  3 bog bodies (Shoals:2)
  7 sea snakes
  A tengu zombie (Depths:3)
  A lindwurm (Vaults:1)
  4 naga ritualists
  Pikel (D:5)
  An obsidian statue (Depths:3)
  8 phantasmal warriors
  A wizard (Lair:5)
  6 mana vipers
  5 ironbound convokers
  A sphinx zombie (Depths:3)
  4 necromancers
  4 orc knights
  24 deep elf pyromancers
  13 deep elf zephyrmancers
  2 wolf spiders
  4 harpies
  A shining eye (Depths:2)
  A wolf spider (shapeshifter) (D:13)
  A cyclops (shapeshifter) (D:13)
  28 ugly things
  3 orc sorcerers
  4 manticores
  6 fauns
  14 cyclopes
  4 salamanders
  7 naga magi
  11 vault sentinels
  2 water nymphs (Shoals:3)
  6 merfolk sirens
  4 centaur zombies (D:11)
  Maurice (D:13)
  12 elephants (Lair:4)
  24 black mambas
  Maggie (Lair:1)
  4 eyes of devastation
  A smoke demon (Lair:5)
  10 cane toads
  A gargoyle (D:12)
  3 orange demons
  2 unseen horrors (D:12)
  A hellion (Depths:3)
  Psyche (D:11)
  2 ice devils (Lair:5)
  15 komodo dragons
  4 kobold demonologists
  A tormentor (Zig:3)
  A freezing wraith (Vaults:5)
  8 yaktaurs
  5 rime drakes
  5 tengu conjurers
  An efreet (D:15)
  A rime drake (shapeshifter) (D:15)
  11 merfolk
  A meliai (shapeshifter) (D:15)
  A wind drake (Shoals:2)
  A red devil (Lair:5)
  A tengu simulacrum (Depths:3)
  16 trolls
  A sphinx simulacrum (Depths:3)
  Prince Ribbit (D:7)
  2 hornets (Gauntlet)
  5 polar bears
  6 slime creatures
  4 snapping turtles
  9 blink frogs
  A dream sheep (shapeshifter) (Vaults:5)
  A meliai zombie (D:11)
  7 dream sheep
  An iron dragon simulacrum (Depths:3)
  An air elemental (Elf:2)
  2 vampires (D:11)
  A shadow (D:11)
  6 wyverns
  2 centaur simulacra
  A culicivora (shapeshifter) (D:14)
  4 water elementals
  18 wraiths
  3 fire elementals
  Eustachio (D:6)
  18 dancing weapons
  46 yaks
  2 steam dragons (D:7)
  11 vampire mosquitoes
  6 basilisks
  2 wargs
  A glowing shapeshifter zombie (Depths:3)
  Menkaure (D:6)
  25 nagas
  2 acid dragons
  A floating eye (shapeshifter) (Vaults:5)
  25 water moccasins
  11 hell hounds
  A floating eye (Lair:5)
  27 orc warriors
  3 sky beasts
  3 ice beasts
  17 wolves
  3 black bears
  26 ogres
  6 boggarts (D:15)
  12 centaurs
  2 phantoms (D:5)
  5 kobold brigands
  19 bullfrogs
  A gnoll sergeant (D:9)
  An earth elemental (Zig:2)
  4 scorpions
  2 wights (D:8)
  10 killer bees
  3 howler monkeys
  5 electric eels
  2 jellies (D:4)
  9 orc priests
  2 gnoll boudas
  2 hounds
  2 iguanas
  20 orc wizards
  15 gnolls
  5 adders
  6 white imps
  A worm (D:4)
  A dart slug (D:3)
  70 orcs
  7 bats
  5 endoplasms
  A giant cockroach (D:1)
  11 goblins
  15 hobgoblins
  2 quokkas
  3 training dummies (D:7)
  10 ball pythons
  6 frilled lizards
  20 kobolds
  4 rats
1264 creatures vanquished.

Vanquished Creatures (collateral kills)
  A dread lich (Vaults:5)
  An ancient lich (Vaults:5)
  2 golden dragons
  A lich (Vaults:5)
  2 tentacled monstrosities (Vaults:5)
  5 titans (Vaults:5)
  2 quicksilver dragons (Vaults:5)
  2 sphinxes
  3 tengu reavers
  3 shadow dragons (Vaults:5)
  A storm dragon (Vaults:5)
  2 nagarajas (Snake:4)
  A fire giant (Depths:4)
  7 vault wardens
  3 frost giants
  A ghost moth (Zig:4)
  A cacodemon (Depths:3)
  A draconian scorcher (Depths:4)
  11 ironbound preservers
  An orc warlord (Depths:1)
  A war gargoyle (Vaults:5)
  2 ironbound thunderhulks
  2 stone giants (Depths:2)
  19 very ugly things
  A vampire knight (Depths:3)
  A green draconian (Depths:4)
  2 deep elf demonologists
  2 minotaurs (Shoals:4)
  4 dire elephants (Vaults:3)
  A deep elf annihilator (Elf:3)
  A yellow draconian (Depths:4)
  A green death (Depths:3)
  2 jiangshi (Depths:2)
  2 entropy weavers (Zig:4)
  2 fire dragons
  3 ettins (Vaults:5)
  A great orb of eyes (Vaults:2)
  A deep elf death mage (Vaults:5)
  28 vault guards
  A deep elf high priest (Elf:3)
  4 yaktaur captains
  A spriggan air mage (Depths:4)
  An ironbound frostheart (Vaults:4)
  2 anacondas
  12 centaur warriors
  9 satyrs
  4 dancing weapons
  A merfolk avatar (Shoals:4)
  A satyr (shapeshifter) (Zig:3)
  2 two-headed ogres (Orc:2)
  An alligator snapping turtle (Shoals:4)
  5 deep troll shamans
  3 naga warriors (Snake:4)
  A deep troll earth mage (Vaults:5)
  A shock serpent (Snake:1)
  2 spriggan berserkers (Depths:4)
  A naga sharpshooter (Snake:4)
  2 deep elf knights (Elf:2)
  5 hell knights (Vaults:5)
  3 salamander mystics (Snake:4)
  33 deep trolls
  2 iron trolls
  2 glowing orange brains
  2 phantasmal warriors (Vaults:5)
  4 wizards
  2 orc knights
  5 naga ritualists
  A deep elf archer (Elf:2)
  A lindwurm (Vaults:3)
  A wolf spider (Zig:4)
  16 ugly things
  8 deep elf pyromancers
  10 harpies
  5 ironbound convokers
  8 mana vipers
  4 necromancers (Vaults:5)
  3 salamanders (Snake:4)
  17 fauns
  2 deep elf zephyrmancers
  An orc sorcerer (Depths:1)
  8 merfolk sirens
  7 manticores
  An elephant (shapeshifter) (Depths:2)
  A smoke demon (Depths:3)
  6 naga magi (Snake:4)
  13 black mambas
  7 vault sentinels
  An orange demon (Zig:5)
  2 freezing wraiths (Vaults:5)
  A hellwing (Depths:3)
  28 yaktaurs
  An ice devil (Depths:3)
  9 merfolk
  5 slime creatures
  4 snapping turtles
  A water elemental (Depths:4)
  3 ynoxinuls
  2 neqoxecs
  A redback (Zig:4)
  2 chaos spawn
  A swamp worm (shapeshifter) (Vaults:5)
  9 nagas
  5 orc warriors
  An ogre (Orc:1)
  6 boggarts (Vaults:2)
  A gnoll sergeant (D:9)
  A wight (D:8)
  4 orc priests
  2 orc wizards
  7 gnolls
  An adder (D:3)
  11 orcs
  2 goblins (Bailey)
  A hobgoblin (Bailey)
  A bat (D:3)
  2 kobolds (D:10)
474 creatures vanquished.

Vanquished Creatures (others)
  A golden dragon (Vaults:5)
  A lich (Depths:2)
  2 deep elf master archers (Elf:3)
  2 sphinxes
  A nagaraja (Snake:4)
  A fire giant (Depths:2)
  3 vault wardens
  3 deep elf elementalists (Elf:3)
  An orc warlord (Depths:1)
  A war gargoyle (Vaults:5)
  3 ironbound preservers
  2 very ugly things
  2 stone giants
  2 deep elf demonologists (Elf:3)
  2 dire elephants (Vaults:2)
  2 ettins
  A deep elf death mage (Elf:3)
  A fire dragon (Depths:2)
  A yaktaur captain (Vaults:3)
  A deep elf high priest (Elf:3)
  3 vault guards (Vaults:5)
  2 salamander tyrants (Snake:4)
  A centaur warrior (Vaults:1)
  3 satyrs (Shoals:4)
  An orc high priest (Depths:1)
  2 hell knights (Vaults:5)
  A sun demon (Depths:3)
  A naga sharpshooter (Snake:4)
  A salamander mystic (Snake:4)
  A sixfirhy (Depths:3)
  6 deep trolls
  A deep elf archer (Elf:3)
  A sea snake (Shoals:4)
  An ironbound convoker (Vaults:5)
  A swamp dragon (shapeshifter) (Vaults:5)
  2 naga ritualists
  A phantasmal warrior (Depths:3)
  2 harpies (Shoals:4)
  3 deep elf pyromancers (Elf:1)
  A lindwurm (Vaults:3)
  A wizard (D:6)
  2 deep elf zephyrmancers
  2 orc knights
  3 fauns
  3 ugly things
  A merfolk siren (Shoals:3)
  2 naga magi (Snake:4)
  A black mamba (Snake:1)
  2 vault sentinels
  25 dancing weapons
  3 yaktaurs
  4 merfolk
  A slime creature (Vaults:2)
  A ynoxinul (Depths:3)
  2 nagas
  An ice beast (shapeshifter) (Elf:1)
  2 orc priests
  An orc (Orc:1)
  A kobold (D:6)
  10 fungi
  24 plants
  4 tentacles (Shoals:3)
164 creatures vanquished.

Grand Total: 1902 creatures vanquished

Notes
Turn   | Place    | Note
-------+----------+-------------------------------------------
     0 | D:1      | dazg the Spriggan Enchanter began the quest for the Orb.
     0 | D:1      | Reached XP level 1. HP: 9/9 MP: 5/5
   293 | D:1      | Found a faded altar of an unknown god.
   579 | D:2      | Reached XP level 2. HP: 13/13 MP: 7/7
   582 | D:2      | Learned a level 2 spell: Ensorcelled Hibernation
   763 | D:2      | Found a radiant altar of Vehumet.
  1310 | D:1      | Reached XP level 3. HP: 16/16 MP: 9/9
  1319 | D:1      | Learned a level 3 spell: Tukima's Dance
  1323 | D:1      | Learned a level 3 spell: Confusing Touch
  2439 | D:3      | Reached XP level 4. HP: 21/21 MP: 11/11
  2463 | D:3      | Reached skill level 5 in Hexes
  2823 | D:3      | Found a transporter.
  2969 | D:3      | Found a transporter.
  2971 | D:3      | Noticed a phantom
  2974 | D:3      | Noticed ilii's ghost (amateur DjIE)
  3321 | D:4      | Found a staircase to the Ecumenical Temple.
  3344 | Temple   | Entered the Ecumenical Temple
  3475 | Temple   | Became a worshipper of Dithmenos the Shadowed
  3515 | D:4      | Noticed a scorpion
  3545 | D:4      | Killed a scorpion
  3546 | D:4      | Reached skill level 5 in Spellcasting
  3546 | D:4      | Reached XP level 5. HP: 15/24 MP: 2/13
  3802 | D:4      | Noticed a centaur
  3834 | D:4      | Identified the +3 hand axe "Killer Klown's Death" {chaos,
                  | rN++ Dex+2}
  3852 | D:4      | Killed a centaur
  3853 | D:4      | Reached skill level 5 in Stealth
  3853 | D:4      | Reached XP level 6. HP: 15/28 MP: 9/15
  4205 | D:4      | Reached skill level 6 in Stealth
  4209 | D:4      | Reached * piety under Dithmenos
  4427 | D:5      | Entered Level 5 of the Dungeon
  4481 | D:5      | Reached XP level 7. HP: 24/32 MP: 15/17
  4573 | D:5      | Learned a level 3 spell: Dazzling Flash
  4770 | D:5      | Found a hide-covered altar of Uskayaw.
  4771 | D:5      | Found a radiant altar of Vehumet.
  4773 | D:5      | Found a hazy altar of Hepliaklqana.
  4774 | D:5      | Found a snail-covered altar of Cheibriados.
  4774 | D:5      | Found a sacrificial altar of Ru.
  4774 | D:5      | Found a white marble altar of Elyvilon.
  4775 | D:5      | Found a basalt altar of Yredelemnul.
  4776 | D:5      | Found a burning altar of Makhleb.
  4776 | D:5      | Found a sparkling altar of Nemelex Xobeh.
  4777 | D:5      | Found a stormy altar of Qazlal.
  4777 | D:5      | Noticed Pikel
  4781 | D:5      | Killed Pikel
  4782 | D:5      | Reached skill level 8 in Stealth
  4782 | D:5      | Reached XP level 8. HP: 36/36 MP: 18/20
  5033 | D:5      | Reached skill level 9 in Stealth
  5452 | D:6      | Noticed Menkaure
  5472 | D:6      | Killed Menkaure
  5980 | D:6      | Noticed Eustachio
  6003 | D:6      | Killed Eustachio
  6037 | D:6      | Identified the +1 scale mail of the Scuffed God {Will-
                  | Str+4}
  6054 | D:6      | Reached skill level 10 in Stealth
  6301 | D:6      | Gained mutation: You are robust. (+10% HP) [potion of
                  | mutation]
  6301 | D:6      | Gained mutation: You are agile. (Dex +4, Str/Int -1)
                  | [potion of mutation]
  6481 | D:6      | Found a bloodstained altar of Trog.
  6482 | D:6      | Noticed a wizard
  6489 | D:6      | Killed a wizard
  6575 | D:7      | Reached XP level 9. HP: 31/42 MP: 5/23
  6575 | D:7      | Reached ** piety under Dithmenos
  6680 | D:7      | Noticed Prince Ribbit
  6680 | D:7      | Found a flagged portal.
  6695 | Bailey   | Entered a bailey
  6749 | Bailey   | Reached skill level 11 in Stealth
  7219 | Bailey   | Reached skill level 10 in Hexes
  7231 | Bailey   | Acquired the +3 warlock's mirror {reflect}
  7231 | Bailey   | Found the +3 warlock's mirror {reflect}
  7272 | Bailey   | Reached skill level 1 in Shields
  7280 | Bailey   | Found an iron altar of Okawaru.
  7280 | Bailey   | Noticed a kobold demonologist
  7280 | Bailey   | Noticed an orc high priest
  7292 | Bailey   | Killed an orc high priest
  7293 | Bailey   | Killed a kobold demonologist
  7527 | Bailey   | Identified the +10 spear "Cysece" {flame, rF+ Str+2}
  7579 | D:7      | Killed Prince Ribbit
  7614 | D:7      | Reached XP level 10. HP: 48/48 MP: 9/24
  7802 | D:7      | Reached skill level 5 in Shields
  7905 | D:7      | Reached *** piety under Dithmenos
  8203 | D:7      | Found Xauhohaw's Firing Range.
  8652 | D:8      | Found a glowing silver altar of Zin.
  9072 | D:9      | Reached skill level 1 in Fighting
  9293 | D:9      | Noticed a two-headed ogre
  9298 | D:9      | Killed a two-headed ogre
  9299 | D:9      | Reached skill level 5 in Dodging
  9378 | D:8      | Reached XP level 11. HP: 30/56 MP: 4/25
  9585 | D:8      | Found a staircase to the Lair.
  9833 | D:9      | Learned a level 1 spell: Apportation
  9871 | D:9      | Reached **** piety under Dithmenos
 10448 | D:10     | Entered Level 10 of the Dungeon
 10780 | D:10     | Noticed a two-headed ogre
 10808 | D:10     | Killed a two-headed ogre
 10809 | D:10     | Reached skill level 10 in Spellcasting
 11129 | D:10     | Noticed a two-headed ogre
 11143 | D:10     | Killed a two-headed ogre
 11144 | D:10     | Reached skill level 5 in Short Blades
 11531 | D:11     | Noticed Snorg
 11548 | D:11     | Killed Snorg
 11704 | D:11     | Noticed a two-headed ogre
 11716 | D:11     | Killed a two-headed ogre
 11784 | D:11     | Noticed a red ugly thing
 11792 | D:11     | Killed a red ugly thing
 11871 | D:11     | Noticed Psyche
 11878 | D:11     | Killed Psyche
 11879 | D:11     | Reached skill level 12 in Stealth
 12286 | D:11     | Reached XP level 12. HP: 63/63 MP: 25/27
 12499 | D:11     | Found a shimmering blue altar of Sif Muna.
 12843 | D:12     | Noticed a centaur warrior
 12846 | D:12     | Killed a centaur warrior
 13208 | D:12     | Reached skill level 5 in Fighting
 13277 | D:12     | Reached skill level 13 in Stealth
 13884 | D:12     | Reached ***** piety under Dithmenos
 14016 | D:12     | Found a staircase to the Orcish Mines.
 14789 | D:13     | Noticed a centaur warrior
 14795 | D:13     | Noticed a centaur warrior
 14795 | D:13     | Noticed a boulder beetle
 14801 | D:13     | Killed a centaur warrior
 14814 | D:13     | Noticed a seven-headed hydra
 14817 | D:13     | Noticed a two-headed ogre
 14819 | D:13     | Killed a centaur warrior
 14830 | D:13     | Killed a seven-headed hydra
 14876 | D:13     | Killed a two-headed ogre
 15007 | D:13     | Killed a boulder beetle
 15067 | D:13     | Noticed a catoblepas
 15102 | D:13     | Noticed a two-headed ogre
 15119 | D:13     | Killed a two-headed ogre
 15123 | D:13     | Reached skill level 14 in Stealth
 15123 | D:13     | Reached XP level 13. HP: 49/71 MP: 8/30
 15484 | D:13     | Noticed a brown very ugly thing
 15495 | D:13     | Killed a brown very ugly thing
 15701 | D:13     | Noticed Nessos
 15751 | D:13     | Reached skill level 10 in Dodging
 15785 | D:13     | Killed Nessos
 15979 | D:13     | Found a portal to a secret trove of treasure.
 16645 | D:13     | Noticed Azrael
 16656 | D:13     | Killed Azrael
 16852 | D:13     | Noticed Maurice
 16856 | D:13     | Killed Maurice
 17233 | D:14     | Reached skill level 15 in Stealth
 17506 | D:14     | Found a stormy altar of Qazlal.
 18057 | Lair:1   | Entered Level 1 of the Lair of Beasts
 18392 | Lair:1   | Noticed Maggie
 18404 | Lair:1   | Killed Maggie
 18405 | Lair:1   | Reached XP level 14. HP: 79/79 MP: 23/32
 18752 | Lair:1   | Identified the +6 long sword "Woucw" {spect, rF- rN+ Dex+5}
 19153 | Lair:2   | You fall into a shaft and drop 2 floors!
 19659 | Lair:3   | Found a bloodstained altar of Trog.
 19662 | Lair:3   | Found a gate leading to a gauntlet.
 19671 | Gauntlet | Entered a Gauntlet
 19671 | Gauntlet | Found a transporter.
 19678 | Gauntlet | Found a transporter.
 19680 | Gauntlet | Found a transporter.
 19694 | Gauntlet | Found a transporter.
 19696 | Gauntlet | Found a transporter.
 19699 | Gauntlet | Noticed a balrug
 19703 | Gauntlet | Found a transporter.
 19719 | Gauntlet | Found a transporter.
 19731 | Gauntlet | Found a transporter.
 19739 | Gauntlet | Found a runed translucent door.
 19742 | Gauntlet | Found a transporter.
 19743 | Gauntlet | Found a runed translucent door.
 19757 | Gauntlet | Found a transporter.
 19760 | Gauntlet | Found a runed translucent door.
 19771 | Gauntlet | Found a transporter.
 19772 | Gauntlet | Found a transporter.
 19813 | Gauntlet | Found a transporter.
 19827 | Gauntlet | Found a transporter.
 20034 | Gauntlet | Identified the +1 hat of Foolhardiness {Str+6 Slay+3}
 20240 | Lair:2   | Found a shimmering blue altar of Sif Muna.
 20908 | Lair:2   | Reached skill level 16 in Stealth
 21241 | Lair:2   | Reached ****** piety under Dithmenos
 21342 | Lair:3   | Found a staircase to the Snake Pit.
 21567 | Lair:3   | Found a staircase to the Shoals.
 21694 | Lair:3   | Reached skill level 10 in Short Blades
 22555 | Lair:4   | Learned a level 4 spell: Cause Fear
 22658 | Lair:4   | Learned a level 3 spell: Stone Arrow
 23680 | Lair:5   | Entered Level 5 of the Lair of Beasts
 24430 | Lair:5   | Found a staircase to the Slime Pits.
 24430 | Lair:5   | Found a viscous altar of Jiyva.
 24441 | Lair:5   | Reached XP level 15. HP: 84/84 MP: 30/34
 24583 | Lair:5   | Reached skill level 17 in Stealth
 24644 | Lair:5   | Found a burning altar of Makhleb.
 24647 | Lair:5   | Found a gateway to Hell.
 24698 | Lair:5   | Reached skill level 15 in Hexes
 25176 | Lair:5   | Found the +10 dark maul {vorpal}
 25425 | Orc:1    | Entered Level 1 of the Orcish Mines
 25434 | Orc:1    | Noticed Josephine
 25752 | Orc:1    | Killed Josephine
 25891 | Orc:1    | Found a bloodstained altar of Trog.
 25966 | Orc:2    | Entered Level 2 of the Orcish Mines
 26309 | Orc:2    | Found Acwemil's Book Shoppe.
 26309 | Orc:2    | Found Nine's Armour Shoppe.
 26593 | Orc:2    | Found a staircase to the Elven Halls.
 26829 | Orc:2    | Found Capli's Armour Boutique.
 26835 | Orc:2    | Found Mip Kuke's Armour Emporium.
 27561 | Orc:1    | Noticed Erica
 27571 | Orc:1    | Killed Erica
 27926 | Orc:2    | Reached skill level 1 in Earth Magic
 28095 | D:13     | Found a gate to the Vaults.
 28721 | D:15     | Entered Level 15 of the Dungeon
 28796 | D:15     | Learned a level 5 spell: Summon Mana Viper
 28805 | D:15     | Learned a level 8 spell: Discord
 29056 | D:15     | Reached skill level 18 in Stealth
 29068 | D:15     | Reached XP level 16. HP: 86/91 MP: 32/35
 29174 | D:15     | Reached skill level 15 in Spellcasting
 29563 | D:15     | Found a staircase to the Depths.
 30214 | Elf:1    | Entered Level 1 of the Elven Halls
 30810 | Elf:1    | Got the Papyrus of Assistive Hurting
 31101 | Elf:1    | Noticed Zenata
 31103 | Elf:1    | Killed Zenata
 31145 | Elf:1    | Found Yryxt's Book Boutique.
 32090 | Elf:2    | Reached XP level 17. HP: 96/96 MP: 38/38
 32337 | Elf:2    | Paralysed by an air elemental for 1 turns
 32636 | Elf:2    | Found a runed translucent gate.
 32636 | Elf:2    | Found a runed translucent gate.
 32636 | Elf:2    | Found a runed translucent gate.
 32705 | Elf:2    | Found Acac Zoj's General Store.
 32708 | Elf:2    | Bought a potion of curing for 54 gold pieces
 32708 | Elf:2    | Bought a potion of haste for 180 gold pieces
 32708 | Elf:2    | Bought a potion of might for 72 gold pieces
 32834 | Elf:3    | Entered Level 3 of the Elven Halls
 32840 | Elf:3    | Noticed a deep elf master archer
 33195 | Elf:3    | Noticed a deep elf master archer
 33211 | Elf:3    | Killed a deep elf master archer
 33810 | Depths:1 | Entered Level 1 of the Depths
 33851 | Depths:1 | Reached skill level 19 in Stealth
 33986 | Depths:1 | Reached skill level 15 in Dodging
 34213 | Depths:1 | Found a hide-covered altar of Uskayaw.
 34836 | Depths:1 | Identified the +8 battleaxe "Lefosaur" {flame, *Rage rElec
                  | rPois rF++}
 34927 | Depths:1 | Reached skill level 10 in Fighting
 35359 | Depths:2 | Found a one-way gateway to a ziggurat.
 35704 | Snake:1  | Entered Level 1 of the Snake Pit
 35718 | Snake:1  | Noticed Asterion
 35723 | Snake:1  | Killed Asterion
 35727 | Snake:1  | Noticed Aizul
 35741 | Snake:1  | Killed Aizul
 36055 | Snake:1  | Identified the +4 trident "Demonbane" {flame, Contam rC++
                  | Str+6}
 36098 | Snake:1  | Found a transporter.
 36142 | Snake:1  | Reached skill level 20 in Stealth
 36338 | Snake:1  | Noticed codl's ghost (journeyman DrTm)
 36339 | Snake:1  | Found a bloodstained altar of Trog.
 36365 | Snake:1  | Found a transporter.
 36587 | Snake:1  | Learned a level 4 spell: Dispel Undead
 36592 | Snake:1  | Learned a level 4 spell: Passage of Golubria
 36881 | Snake:2  | Reached skill level 1 in Translocations
 37224 | Snake:2  | Reached skill level 1 in Necromancy
 37224 | Snake:2  | Reached XP level 18. HP: 96/104 MP: 36/41
 38234 | Snake:3  | Found Ymutiy Apnu's Armour Shop.
 38983 | Snake:4  | Entered Level 4 of the Snake Pit
 39161 | Snake:4  | Found Inokh's Jewellery Shop.
 39163 | Snake:4  | Found Hannucaq's Book Boutique.
 40290 | Snake:4  | Reached skill level 21 in Stealth
 41027 | Snake:4  | Got a serpentine rune of Zot
 41374 | Shoals:1 | Entered Level 1 of the Shoals
 41931 | Shoals:1 | Learned a level 5 spell: Lee's Rapid Deconstruction
 43759 | Shoals:3 | Noticed Ilsuiw
 43823 | Shoals:3 | Killed Ilsuiw
 44100 | Shoals:3 | Reached XP level 19. HP: 110/110 MP: 43/43
 44542 | Shoals:4 | Entered Level 4 of the Shoals
 44542 | Shoals:4 | Noticed Louise
 44543 | Shoals:4 | Killed Louise
 44652 | Shoals:4 | Reached skill level 22 in Stealth
 45055 | Shoals:3 | Acquired 774 gold pieces
 45059 | Shoals:3 | Acquired 1030 gold pieces
 45063 | Shoals:3 | Acquired 682 gold pieces
 45348 | Shoals:4 | Identified the +1 plate armour of Ciuxtele {Harm rC+ rCorr
                  | Str+2}
 45442 | Shoals:4 | Got a barnacled rune of Zot
 45444 | Shoals:4 | Identified the ring "Nydug" {rF+ rC+ rN+ Int+6 Dex-5}
 45479 | Shoals:4 | Got the Papyrus of Fog
 46940 | Elf:3    | Identified the +10 quarterstaff of Discomfort {pain, *Slow
                  | rN+ SInv Stlth+}
 46984 | Elf:3    | Identified the +4 glaive of Disaster {vorpal, rF+}
 46984 | Elf:3    | Identified the amulet of the Gloaming {RegenMP rC+}
 47272 | Elf:3    | Identified the +8 scimitar of Precise Incision {pain, rF+
                  | rC+}
 47742 | Elf:3    | Identified the +1 pair of gloves "Xemahiq" {rElec rF- rCorr
                  | Slay-4}
 47771 | Elf:3    | Got Lehudib's Atlas of Combat Magic and the Mountains
 48068 | Elf:3    | Found an ancient bone altar of Kikubaaqudgha.
 48487 | Elf:3    | Found an ancient bone altar of Kikubaaqudgha.
 48785 | Vaults:1 | Entered Level 1 of the Vaults
 49305 | Vaults:1 | Learned a level 7 spell: Enfeeble
 49375 | Vaults:1 | Reached skill level 23 in Stealth
 50119 | Vaults:1 | You are sucked into a shaft and drop 1 floor!
 50654 | Vaults:2 | Reached XP level 20. HP: 118/118 MP: 45/45
 50872 | Vaults:2 | Found a runed translucent door.
 50875 | Vaults:2 | Noticed tensugalgo's ghost (veteran DjFE)
 51986 | Vaults:2 | Reached skill level 24 in Stealth
 53189 | Vaults:3 | Found a staircase to the Crypt.
 54959 | Vaults:4 | Reached skill level 25 in Stealth
 54959 | Vaults:4 | Reached XP level 21. HP: 125/125 MP: 47/47
 55145 | Vaults:4 | Identified the +8 chain mail of Sorcery {rN+ Str-2 Stlth+}
 55756 | Vaults:4 | Found Ruhou's Antique Armour Boutique.
 56110 | Vaults:5 | Entered Level 5 of the Vaults
 56121 | Vaults:5 | Noticed an ancient lich
 56181 | Vaults:5 | Identified the +3 scimitar "Geuhaup" {protect, rF++ rC++}
 56195 | Vaults:5 | Identified the +9 scimitar "Dakkos" {spect, Fly Str-5
                  | Int+6}
 56226 | Vaults:5 | Noticed a golden dragon
 56230 | Vaults:5 | Killed an ancient lich
 56240 | Vaults:5 | Killed a golden dragon
 56247 | Vaults:5 | Killed a dread lich
 56248 | Vaults:5 | Reached skill level 26 in Stealth
 56250 | Vaults:5 | Identified the +6 broad axe of Evolution {vorpal, Dex+2}
 57123 | Vaults:5 | Got the Parchment of the Bloody Spider
 57128 | Vaults:5 | Learned a level 3 spell: Teleport Other
 57134 | Vaults:5 | Learned a level 5 spell: Borgnjor's Vile Clutch
 58015 | Vaults:5 | Identified the +2 battleaxe of Grace {pain, rN+ Will+
                  | Int-2}
 58049 | Vaults:5 | Identified the +1 robe of Noughts and Crosses {Str-4 Dex+5}
 58074 | Vaults:5 | Reached XP level 22. HP: 133/133 MP: 32/49
 58224 | Vaults:5 | Noticed a golden dragon
 58260 | Vaults:5 | Killed a golden dragon
 58548 | Vaults:5 | Identified the +1 robe "Koquf" {rF+}
 58648 | Vaults:5 | Identified the +0 pair of boots of Lust {Rampage Will+++
                  | Int-4}
 59239 | Vaults:5 | Reached skill level 15 in Fighting
 59336 | Vaults:5 | Reached skill level 27 in Stealth
 59349 | Vaults:5 | Got Further Progress in Spellcraft
 59464 | Vaults:5 | Identified the +5 shortbow "Vaixzuru" {flame, rElec rC+
                  | Int+8 Dex-2}
 59685 | Vaults:5 | Noticed an ancient lich
 59778 | Vaults:5 | Killed an ancient lich
 60111 | Vaults:5 | Identified the +1 scale mail "Anit" {rF+} (You took it off
                  | a hell knight on level 5 of the Vaults)
 60113 | Vaults:5 | Acquired the +7 quick blade of Certain Death {vorpal, Drain
                  | rElec rCorr Int+6}
 60138 | Vaults:5 | Identified the ring "Omecaf" {rC+ rCorr}
 60344 | Vaults:5 | Got a silver rune of Zot
 61378 | Vaults:5 | Upgraded the game from 0.30-a0-141-g30f27751c5 to
                  | 0.30-a0-142-g7370640ec8
 61896 | Depths:2 | Found a one-way gate leading to the halls of Pandemonium.
 62577 | Depths:2 | Reached skill level 5 in Earth Magic
 62844 | Depths:2 | Noticed a golden dragon
 62874 | Depths:2 | HP: 5/135 [golden dragon/bolt of cold (58)]
 63402 | Depths:2 | Identified the +11 plate armour of the Unbroken {Str+4}
 63505 | Depths:2 | Killed a golden dragon
 63629 | Depths:3 | Found a glowing golden altar of the Shining One.
 63775 | Depths:3 | Noticed an ancient lich
 63829 | Depths:3 | Found Qudi's Armour Boutique.
 63980 | Depths:3 | Found a one-way gate to the infinite horrors of the Abyss.
 64148 | Depths:3 | Learned a level 5 spell: Silence
 64247 | Depths:3 | Reached skill level 5 in Necromancy
 65060 | Depths:3 | Killed an ancient lich
 65175 | Depths:3 | Reached XP level 23. HP: 140/140 MP: 44/52
 66172 | Depths:4 | Entered Level 4 of the Depths
 66429 | Depths:4 | Found Miyph's Jewellery Boutique.
 66432 | Depths:4 | Found Cuuhow's Book Shoppe.
 66588 | Depths:4 | Found Pahergh's Jewellery Boutique.
 66612 | Depths:4 | Bought the ring of Qazlal, Wizarding {AC+4 Str+5} for 802
                  | gold pieces
 67162 | Depths:4 | Found a gate to the Realm of Zot.
 68474 | Zig:1    | Entered Level 1 of a ziggurat
 68489 | Zig:2    | Entered Level 2 of a ziggurat
 68644 | Zig:2    | Identified the +8 short sword of the Spider {venom, rElec
                  | rF+ rCorr Str-5}
 68647 | Zig:3    | Entered Level 3 of a ziggurat
 68648 | Zig:3    | Noticed a Killer Klown
 68671 | Zig:3    | Killed a Killer Klown
 68785 | Zig:4    | Entered Level 4 of a ziggurat
 68788 | Zig:4    | Found the +3 pair of mountain boots {steadfast, rC+}
 68911 | Zig:5    | Entered Level 5 of a ziggurat
 68916 | Zig:5    | Noticed Coxius Funa the pandemonium lord
 68925 | Zig:5    | Killed from afar by Coxius Funa the pandemonium lord

Illustrated notes

Levels and vault maps discovered:
D:1:      heliophobic_arrival_battle_scene, layout_basic,
          ebering_ecumenical_altar_webs, minmay_pentomino_w4
D:2:      layout_basic, basic_altar, wander_ebering_terrifying_dragon_lair
D:3:      layout_rooms, gammafunk_ghost_mausoleum
D:4:      layout_basic, minmay_temple_entry_gardened_gates, serial_rivers,
          chequers_serial_rivers_micro_c, chequers_serial_rivers_marsh,
          chequers_serial_rivers_micro_c, chequers_serial_rivers_micro_b,
          minmay_fractal_squares_gapless_5
D:5:      layout_basic, nicolae_overflows_in_rows, uniq_pikel
D:6:      layout_basic, trog_wizard, uniq_menkaure, uniq_eustachio
D:7:      layout_basic, enter_bailey_2, hangedman_decor_slide_cut,
          nicolae_shop_firing_range, uniq_prince_ribbit1
D:8:      layout_basic, mainiacjoe_overflow_alcove_4, minmay_lair_entry_grove
D:9:      layout_basic
D:10:     layout_cave_pools
D:11:     layout_irregular_city, serial_undead, serial_undead_e,
          serial_undead_f, serial_undead_e, serial_undead_f, serial_undead_c,
          minmay_statues_item, chequers_serial_rivers_micro_c,
          nicolae_sif_muna_little_library, uniq_psyche, uniq_snorg
D:12:     layout_gridville, erik_orc_2, nicolae_concentric_dashed_squares_mild,
          minmay_checkerbox
D:13:     minmay_the_grid_triangle_9x9_recursive_2_mashed
          [minmay_the_grid_triangle_9x9_prize_schism,
          minmay_the_grid_triangle_9x9_steps,
          minmay_the_grid_triangle_9x9_thin_v,
          minmay_the_grid_triangle_9x9_wacky_v], layout_basic, erik_vaults_1,
          nicolae_trove_entry_crystal, uniq_nessos, uniq_azrael, uniq_maurice
D:14:     layout_rooms, nicolae_qazlal_eye_of_the_storm, serial_rivers,
          chequers_serial_rivers_room_b, chequers_serial_rivers_large_b,
          chequers_serial_rivers_large_a, chequers_serial_rivers_small_a,
          minmay_misc_feat_more_columns
D:15:     grunt_enter_depths_hoard, layout_stronghold, minmay_misc_feat_pillars,
          minmay_evil_grid
Temple:   compressed_dpeg_circular_temple
Lair:1:   layout_regular_city, infiniplex_staircase_pool_2, grunt_megastairs_5,
          uniq_maggie
Lair:2:   layout_regular_city, basic_altar, enter_volcano_3, st_stairs_5,
          serial_bayou_shore_b, grunt_megastairs_2
Lair:3:   layout_chaotic_city, elwin_shoals_entry_stream, dummy_snake_entry,
          basic_altar, gauntlet_entry_generic, beast_lair_carwin_2,
          grunt_megastairs_4
Lair:4:   layout_hall_layers, serial_bayou_pond_c, amcnicky_mini_pool_medium,
          serial_bayou_shore_a, grunt_megastairs_1
Lair:5:   evil_forest, layout_hall_layers, minmay_slime_entry_eyes,
          serial_bayou_pond_d
Shoals:1: layout_shoals
Shoals:2: layout_shoals, nicolae_shoals_secluded_bog
Shoals:3: layout_shoals, uniq_ilsuiw
Shoals:4: shoals_end_hellmonk_lost_city, uniq_louise
Snake:1:  layout_misc_corridors, gammafunk_ghost_wrathful_warriors,
          uniq_asterion, uniq_aizul
Snake:2:  layout_rooms, grunt_megastairs_3, nicolae_triple_integral
Snake:3:  layout_cave_town, serial_shops, shop
Snake:4:  snake_pit, layout_gridlike, minmay_shoptagon
Orc:1:    layout_caves, basic_altar, uniq_erica, uniq_josephine
Orc:2:    st_orc_open, layout_diamond_mine, mines4_lemuel
Elf:1:    minmay_elf_arrival_summoners, layout_geoelf_grid, serial_shops,
          nicolae_shop_temple_entry_statues_fountains, minmay_elf_sorcery,
          uniq_zenata
Elf:2:    elven_hall_of_blades_hangedman_original [nicolae_blade_tridents],
          layout_geoelf_octagon, serial_shops, nicolae_shop_behind_doors,
          dreamdust_wishing_well
Elf:3:    grunt_elf_hall_spiral, layout_rooms, david_defended_altar_elf
Vaults:1: hangedman_vaults_corner, nicolae_vaults_holding_cells,
          hangedman_vaults_trim, nicolae_vaults_little_squares_5,
          nicolae_vaults_mini_display_case, vaults_room_grid,
          vaults_dpeg_encased_lava, nicolae_vaults_specimen_jars,
          layout_vaults_chaotic_city
Vaults:2: hellmonk_ghost_happy_afterlife, v_misc_18, vaults_mumra_hex,
          ontoclasm_vaults_hangar, hangedman_vaults_maws,
          vaults_standard_mumra_enter_the_diamond, nicolae_vaults_network_s,
          nicolae_vaults_border_crossing, nicolae_vaults_little_squares_3,
          layout_vaults_omnibox
Vaults:3: nicolae_vaults_windows_and_doors_thing,
          minmay_crypt_entry_simple_round, vaults_dpeg_doors, v_misc_13,
          nicolae_vaults_little_squares_1, nicolae_vaults_what_the_h,
          hangedman_vaults_restitches, v_pattern_3, v_misc_3,
          layout_vaults_omnicross
Vaults:4: ontoclasm_vaults_shuriken, grunt_vaults_focal,
          nicolae_vaults_little_ls, nicolae_vaults_yaktaur_gun_rack,
          layout_vaults_omnigrid, serial_shops, nicolae_shop_waterfront
Vaults:5: uniq_margery
Depths:1: layout_basic, nicolae_uskayaw_murder_on_the_dancefloor, hell_entry,
          grunt_ministairs_11, minmay_orc_keep
Depths:2: thingy_vault, layout_gridville, enter_ziggurat_d,
          grunt_hell_entry_dis_mu, pan_entry, nicolae_wwwww
Depths:3: dreamdust_under_siege, layout_gridlike, hangedman_decor_opposing,
          abyss_entry, grunt_hell_entry_demonic_statue, serial_shops, shop,
          minmay_misc_feat_encased, infiniplex_staircase_x
Depths:4: grunt_zot_entry_hairpin, layout_cave_pools, pf_coc_iceberg,
          roderic_serpentine_path, minmay_shop_grove, serial_bayou_shore_b
Zig:5

Skill      XL: |  1  2  3  4  5  6  7  8  9 10 11 12 13 14 15 16 17 18 19 20 21 22 23 |
---------------+----------------------------------------------------------------------+-----
Spellcasting   | 3 4 5 6 7 9 10 12 13 14 16 18 19 20 21 22 24 25 | 25.3
Hexes          | 4 5 6 7 9 10 11 12 13 14 16 18 19 20 21 22 23 | 23.0
Stealth        | 5 6 8 10 11 12 14 15 16 18 20 21 23 25 26 27 | 27.0
Shields        | 4 7 |  7.0
Dodging        | 5 7 9 11 12 13 14 15 | 15.0
Fighting       | 2 4 5 7 8 9 10 11 12 13 14 16 17 | 17.0
Short Blades   | 3 6 7 9 10 11 12 | 12.0
Earth Magic    | 2 3 4 6 |  6.0
Translocations | 1 3 |  3.0
Necromancy     | 1 2 5 |  5.0

Action                   |  1- 3 |  4- 6 |  7- 9 | 10-12 | 13-15 | 16-18 | 19-21 | 22-24 || total
-------------------------+-------+-------+-------+-------+-------+-------+-------+-------++-------
Melee: Dagger            |   125 |    76 |   150 |   520 |  1169 |   695 |   595 |   110 ||  3440
       Punch             |     1 |       |     2 |       |       |       |       |       ||     3
       Quick blade       |       |       |       |       |       |       |       |   486 ||   486
 Cast: Ensorcelled Hiber |     7 |    17 |    26 |   144 |   133 |    34 |    36 |    23 ||   420
       Tukima's Dance    |       |     1 |    10 |    51 |    55 |    20 |    23 |    19 ||   179
       Confusing Touch   |       |     1 |     9 |    23 |    16 |    16 |     7 |    22 ||    94
       Dazzling Flash    |       |       |       |       |    45 |     9 |    41 |     5 ||   100
       Stone Arrow       |       |       |       |       |    11 |    21 |     7 |       ||    39
       Discord           |       |       |       |       |       |    45 |    84 |    47 ||   176
       Summon Mana Viper |       |       |       |       |       |     1 |     4 |    21 ||    26
       Passage of Golubr |       |       |       |       |       |     2 |       |       ||     2
       Lee's Rapid Decon |       |       |       |       |       |       |    22 |    16 ||    38
       Enfeeble          |       |       |       |       |       |       |     9 |    91 ||   100
       Dispel Undead     |       |       |       |       |       |       |       |    14 ||    14
       Teleport Other    |       |       |       |       |       |       |       |     6 ||     6
       Borgnjor's Vile C |       |       |       |       |       |       |       |     3 ||     3
Invok: Shadow Step       |       |       |       |     2 |     6 |     9 |     2 |     3 ||    22
Evoke: Wand              |       |     7 |    17 |     2 |    27 |    14 |     5 |     1 ||    73
       Phial of floods   |       |       |       |     1 |       |       |       |       ||     1
       Condenser vane    |       |       |       |       |     4 |     1 |       |     1 ||     6
       Lightning rod     |       |       |       |       |       |       |       |     1 ||     1
       Phantom mirror    |       |       |       |       |       |       |       |     1 ||     1
  Use: Scroll            |     6 |     5 |    10 |    11 |    13 |    10 |    10 |     5 ||    70
       Potion            |       |       |     5 |     5 |     4 |     9 |     3 |    10 ||    36
 Stab: Sleeping          |    12 |    14 |    31 |    91 |   177 |   171 |    92 |    37 ||   625
       Confused          |       |     1 |     7 |    23 |    15 |    18 |     5 |    13 ||    82
       Distracted        |       |       |     1 |     5 |    11 |    13 |     7 |    13 ||    50
       Invisible         |       |       |       |       |    33 |     3 |    16 |    68 ||   120
       Petrified         |       |       |       |       |     2 |       |       |       ||     2
Armor: Robe              |    29 |     5 |    17 |       |       |       |       |       ||    51
       Steam dragon scal |       |       |       |    40 |    66 |    26 |    34 |    48 ||   214
Dodge: Dodged            |   131 |    28 |   123 |   313 |   645 |   284 |   366 |   274 ||  2164
Block: Other             |       |    15 |    46 |       |       |       |       |       ||    61
       Reflection        |       |       |     3 |    20 |    26 |    46 |    32 |    20 ||   147
       Buckler           |       |       |     7 |   449 |   810 |   364 |   278 |   159 ||  2067

Table legend: (Time is in decaauts)
 A = Elapsed time spent in this place.
 B = Non-inter-level travel time spent in this place.
 C = Inter-level travel time spent in this place.
 D = Time resting spent in this place.
 E = Time spent auto-exploring this place.
 F = Levels seen in this place.
 G = Mean time per level.
                   A        B        C        D        E       F      G
               +--------+--------+--------+--------+--------+-----+--------+
         Total |  53031 |  50281 |   2750 |  10479 |  28998 |  50 | 1060.6 |
       Dungeon |  15677 |  14556 |   1121 |   2794 |   8504 |  15 | 1045.1 |
        Temple |     95 |     79 |     16 |      0 |     43 |   1 |   95.0 |
          Lair |   4964 |   4684 |    280 |    462 |   3123 |   5 |  992.8 |
        Shoals |   3250 |   3138 |    112 |    463 |   2062 |   4 |  812.5 |
     Snake Pit |   4273 |   4050 |    223 |    602 |   2684 |   4 | 1068.2 |
  Orcish Mines |   2054 |   1928 |    126 |    401 |   1022 |   2 | 1027.0 |
   Elven Halls |   4795 |   4510 |    285 |    925 |   2799 |   3 | 1598.3 |
        Vaults |  10072 |   9779 |    293 |   2431 |   5571 |   5 | 2014.4 |
        Depths |   6393 |   6103 |    290 |   1682 |   2989 |   4 | 1598.2 |
      Ziggurat |    398 |    398 |      0 |    290 |      0 |   5 |   79.6 |
        Bailey |    726 |    726 |      0 |    398 |      6 |   1 |  726.0 |
      Gauntlet |    330 |    330 |      0 |     28 |    190 |   1 |  330.0 |
               +--------+--------+--------+--------+--------+-----+--------+

Top non-repeatable levels by time:
Vaults:5: 4316 daAuts
   Elf:3: 2287 daAuts
    D:13: 2278 daAuts
Depths:3: 2104 daAuts
 Snake:4: 1793 daAuts
    D:12: 1775 daAuts
Vaults:3: 1674 daAuts
Depths:4: 1635 daAuts
  Lair:4: 1513 daAuts
   Elf:2: 1441 daAuts
Vaults:2: 1382 daAuts
Vaults:4: 1373 daAuts
Depths:1: 1337 daAuts
Vaults:1: 1326 daAuts
Depths:2: 1316 daAuts
